AoeStats
← samuel_ojeda

Arabia

510434254Analyzed
1v1 RM · 16h ago on Oct 1, 2026· 72m 5s· 2 players
Game mode
Random Map
Map size
Tiny (2 player)
Population
200
Speed
Normal
Resources
Standard
Victory
Conquest
Starting age
Dark Age
Ending age
Imperial Age
RankedLock teamsTeams togetherTeam positionsShared explorationLock speedFull tech treeHidden civsTurbo modeCheats
Victory
Defeat
🇨🇱 Vikings · Chile
1405
+16
🇦🇷 Mongols · Argentina
1403
-16
samuel_ojeda
8:30 Feudal Age
8:36 Man-at-Arms
11:02 Loom
15:18 Fletching
16:01 Padded Archer Armor
20:03 Double-Bit Axe
25:05 Castle Age
24:57 Gold Mining
24:50 Horse Collar
25:44 Bodkin Arrow
25:15 Elite Skirmisher
26:21 Thumb Ring
27:08 Leather Archer Armor
29:10 Ballistics
33:01 Wheelbarrow
34:25 Crossbowman
37:02 Bow Saw
44:05 Imperial Age
44:35 Arbalester
45:19 Bracer
55:41 Gold Shaft Mining
62:33 Chemistry
68:13 Hand Cart
Luchod_95
6:43 Loom
9:19 Feudal Age
10:23 Man-at-Arms
12:56 Double-Bit Axe
14:27 Fletching
14:41 Padded Archer Armor
20:28 Horse Collar
25:30 Castle Age
23:35 Gold Mining
25:31 Crossbowman
26:07 Bodkin Arrow
27:43 Bow Saw
27:56 Stone Mining
28:22 Heavy Plow
29:58 Leather Archer Armor
33:19 Scale Mail Armor
34:22 Forging
36:12 Chain Mail Armor
37:39 Iron Casting
37:56 Squires
45:58 Imperial Age
45:54 Gold Shaft Mining
47:01 Bracer
46:23 Arbalester
47:57 Ring Archer Armor
52:49 Two-Man Saw
52:33 Conscription
55:18 Plate Mail Armor
56:47 Hoardings
56:46 Plate Mail Armor
57:16 Light Cavalry
60:28 Blast Furnace
59:36 Scale Barding Armor
60:04 Ballistics
60:44 Chemistry
62:28 Elite Skirmisher
63:46 Chain Barding Armor
66:35 Crop Rotation
69:03 Hoardings
Connection lost

Rejoining the realm…

Still unreachable

The connection could not be restored.

Session expired

The server has moved on; the page needs a fresh start.